 Dungeon Crawl Stone Soup version 0.28.0-45-g0d030f2227 (webtiles) character file.

Game seed: 7827793226510767733

38226 H0rd4k the Eclecticist (level 13, -4/67 HPs)
             Began as a Deep Elf Hedge Wizard on Mar 29, 2022.
             Was an Initiate of Gozag.
             Slain by a death yak (10 damage)
             ... on level 4 of the Lair of Beasts on Mar 30, 2022.
             The game lasted 00:52:16 (25783 turns).

H0rd4k the Eclecticist (Deep Elf Hedge Wizard)     Turns: 25783, Time: 00:52:16

Health: -4/67      AC: 12    Str:  7    XL:     13   Next: 62%
Magic:  34/37      EV: 13    Int: 31    God:    Gozag
Gold:   3318       SH:  0    Dex: 14    Spells: 26/49 levels left

rFire   + . .      SeeInvis .   x - staff of conjuration
rCold   + . .      Faith    .   (no shield)
rNeg    . . .      Spirit   .   I - +2 leather armour {rC+ rF+}
rPois   .          Reflect  .   k - +2 helmet
rElec   .          Harm     .   (no cloak)
rCorr   .          Rampage  .   (no gloves)
Will    +....                   (no boots)
Stlth   ++........              n - amulet of regeneration
HPRegen 1.01/turn               l - +6 ring of intelligence
MPRegen 0.25/turn               F - +4 ring of protection

@: no status effects
A: no striking features
a: Renounce Religion, Potion Petition, Call Merchant, Bribe Branch


You were on level 4 of the Lair of Beasts.
You worshipped Gozag.
Gozag was most pleased with you.
You visited 3 branches of the dungeon, and saw 19 of its levels.
You also visited: Ice Cave.

You collected 4398 gold pieces.
You paid 1080 gold pieces to Gozag.

Inventory:

Hand Weapons
 c - the +3 dagger "Memeplua" {holy, Fragile rF++ MP+9}
   (You found it on level 11 of the Dungeon)

   It has been blessed by the Shining One to cause great damage to the undead
   and demons.
   rF:        It greatly protects you from fire.
   MP:        It affects your magic capacity (+9).
   Fragile:   It will be destroyed if unequipped.
Missiles
 N - a throwing net
Armour
 k - a +2 helmet (worn)
 I - a +2 leather armour of resistance (worn)
Magical Staves
 b - a staff of poison
 x - a staff of conjuration (weapon)
Jewellery
 l - a +6 ring of intelligence (left hand)
 n - an amulet of regeneration (around neck)
 o - a ring of willpower
 u - an amulet of reflection
 y - a ring of flight
 F - a +4 ring of protection (right hand)
 G - a ring of see invisible
 H - a ring of magical power
 J - a ring of poison resistance
Wands
 e - a wand of paralysis (10)
 g - a wand of mindburst (4)
 E - a wand of polymorph (2)
 P - a wand of iceblast (4)
Scrolls
 a - 2 scrolls of amnesia {unknown}
 d - 3 scrolls of vulnerability
 f - a scroll of silence
 j - a scroll of immolation
 m - 3 scrolls of fog
 r - 2 scrolls of teleportation
 s - 4 scrolls of fear
 t - a scroll of identify
 v - a scroll of enchant weapon
 w - 2 scrolls of blinking
 z - a scroll of brand weapon {unknown}
 A - a scroll of magic mapping {unknown}
 Q - a scroll of enchant armour
 R - a scroll of summoning {unknown}
Potions
 h - 7 potions of heal wounds
 i - 3 potions of haste
 p - 3 potions of brilliance
 q - a potion of flight {unknown}
 B - 3 potions of lignification
 D - a potion of might
 K - 3 potions of curing
 L - a potion of mutation {unknown}
 M - a potion of ambrosia
 O - a potion of attraction


   Skills:
 + Level 2.3 Fighting
 + Level 5.2 Dodging
 - Level 2.4 Stealth
 + Level 18.9 Spellcasting
 + Level 14.0 Conjurations
 + Level 4.0 Hexes
 + Level 1.1 Summonings
 + Level 4.7 Translocations
 + Level 4.4 Fire Magic
 + Level 10.4 Air Magic
 + Level 3.2 Poison Magic
 + Level 1.8 Evocations


You had 26 spell levels left.
You knew the following spells:

 Your Spells              Type           Power      Damage    Failure   Level
a - Magic Dart            Conj           100%       1d8       0%          1
b - Blink                 Tloc           100%       N/A       1%          2
c - Conjure Flame         Conj/Fire      92%        6-21      1%          3
d - Mephitic Cloud        Conj/Pois/Air  92%        N/A       1%          3
e - Poisonous Vapours     Pois/Air       100%       N/A       1%          2
f - Fulminant Prism       Conj/Hex       45%        3d21      1%          4
g - Gell's Gravitas       Tloc           56%        N/A       1%          3
h - Lightning Bolt        Conj/Air       51%        1d72      1%          5

Your spell library contained the following spells:

 Spells                   Type           Power      Damage    Failure   Level
 Searing Ray              Conj           100%       2d8       0%          2
 Beastly Appendage        Tmut           58%        N/A       1%          1
 Slow                     Hex            100%       N/A       1%          1
 Call Imp                 Summ           36%        N/A       1%          2
 Corpse Rot               Necr/Air       100%       N/A       1%          2
 Static Discharge         Conj/Air       100%       N/A       1%          2
 Dazzling Flash           Conj/Hex       100%       N/A       1%          3
 Teleport Other           Tloc           56%        N/A       1%          3
 Iskenderun's Battlesphe  Conj           100%       2d15      1%          5
 Silence                  Hex/Air        32%        N/A       2%          5
 Wereblood                Tmut           29%        N/A       3%          2
 Spider Form              Tmut/Pois      39%        N/A       3%          3
 Ozocubu's Armour         Ice            29%        N/A       6%          3
 Manifold Assault         Tloc           56%        N/A       8%          5
 Iron Shot                Conj/Erth      41%        9d8       17%         6
 Dispersal                Tloc           28%        N/A       38%         6
 Agony                    Necr           29%        N/A       50%         5
 Spellforged Servitor     Conj/Summ      43%        N/A       58%         7
 Maxwell's Capacitive Co  Air            38%        ∞         87%         8
 Storm Form               Tmut/Air       28%        N/A       89%         7
 Ozocubu's Refrigeration  Ice            14%        4d7       100%        7


Dungeon Overview and Level Annotations

Branches:
Dungeon (12/15)            Temple (1/1) D:5            Lair (6/6) D:10
  Swamp (0/4) Lair:3        Snake (0/4) Lair:2          Orc (0/2) D:10
  IceCv (visited)
  Slime: Lair:5-6

Altars:
Ashenzari
Elyvilon
Fedhas
Gozag
Hepliaklqana
Kikubaaqudgha
Makhleb
Nemelex Xobeh
Okawaru
Ru
Sif Muna
Uskayaw
Wu Jian
Xom
Yredelemnul
The Shining One

Shops:
D:10 =:   D:11 *

Annotations:
D:1 exclusion: 2 downstairs
D:3 2 transporters, exclusion: downstairs, Jerry's ghost, amateur TrHu
D:4 exclusion: downstairs
D:5 exclusion: 2 downstairs
D:7 exclusion: downstairs
D:9 exclusion: downstairs
D:10 exclusion: 2 downstairs
D:11 exclusion: 2 downstairs
D:12 Nessos; Sonja
Lair:1 exclusion: 2 downstairs
Lair:2 1 runed translucent door, exclusions: door and downstairs, Kotami's ghost, journeyman OpFi
Lair:3 exclusion: 3 downstairs


Message History

Magic restored.
Found a stone staircase leading down.
You enter the shallow water.
Moving in this stuff is going to be slow.
Found a stone staircase leading down.
There is a stone staircase leading up here.
You climb upwards.
There is a stone staircase leading down here.
The rime drake breathes ice at you. The flash freeze hits you.
You partially resist.
You are encased in ice.
Casting: Lightning Bolt (dangerous; 1% risk of failure)
Confirm with . or Enter, or press ? or * to list all spells.
You blink.
The ice encasing you melts away. The seven-headed hydra bites you!
The seven-headed hydra closely misses you.
The seven-headed hydra bites you. x2
The seven-headed hydra barely misses you.
The seven-headed hydra bites you but does no damage.
The seven-headed hydra bites you!
Casting: Blink (safe; 1% risk of failure)
Confirm with . or Enter, or press ? or * to list all spells.
You blink.
The seven-headed hydra bites you but does no damage.
The seven-headed hydra misses you. The seven-headed hydra bites you!
The seven-headed hydra closely misses you. x2
The seven-headed hydra barely misses you.
The seven-headed hydra bites you. The death yak closely misses you.
The seven-headed hydra bites you.
* * * LOW HITPOINT WARNING * * *
The seven-headed hydra closely misses you.
The seven-headed hydra barely misses you.
The seven-headed hydra closely misses you. x2
The seven-headed hydra bites you but does no damage.
The seven-headed hydra bites you!
* * * LOW HITPOINT WARNING * * *
The death yak gores you!
You die...
Your body crumbles into a pile of gold.

....#$#### ## ....##
.....## ## #..#....##
....####.# #......P#
#.......# #.....#
#......## #######...##
#......###.##.>.P....#
#.......#..##.......##
#....#...# #..Dk.###
........k# ##§Y@.#
........D####....##
...##...#..###....#
... #.....##......#
### #.....##......#
#P.....#......##
#..............#
##............##
####....######


You could see a death yak, a seven-headed hydra and a rime drake.

Vanquished Creatures
  An ice dragon (IceCv)
  5 hydras
  Harold (D:9)
  Erica (Lair:2)
  4 two-headed ogres
  4 death yaks (Lair:4)
  Nergalle (D:11)
  A deep elf pyromancer (D:12)
  2 manticores (D:11)
  5 oklob plants (Lair:2)
  An ugly thing (D:11)
  6 black mambas
  A gargoyle (D:11)
  4 cane toads
  2 ice statues (IceCv)
  A torpor snail (Lair:2)
  Psyche (D:11)
  9 rime drakes
  4 komodo dragons
  2 trolls
  A hornet (D:8)
  6 polar bears
  Prince Ribbit (D:6)
  12 blink frogs
  2 vampires
  27 yaks
  3 basilisks
  4 vampire mosquitoes
  A steam dragon (D:9)
  Menkaure (D:6)
  An acid dragon (D:11)
  Edmund (D:4)
  Duvessa (D:5)
  11 water moccasins
  4 ice beasts
  3 black bears
  2 necrophages
  4 orc warriors
  2 sky beasts
  6 centaurs
  6 wolves
  2 kobold brigands
  9 bullfrogs
  2 scorpions
  Dowan (D:5)
  7 killer bees
  2 lindwurm simulacra (IceCv)
  14 wights
  4 howler monkeys
  2 electric eels (D:10)
  A bullfrog zombie (D:5)
  4 komodo dragon simulacra (IceCv)
  4 orc priests
  5 hounds
  2 gnoll shamans
  2 centaur skeletons (D:6)
  2 bullfrog skeletons
  2 iguanas
  10 orc wizards
  2 killer bee zombies (D:8)
  A howler monkey zombie (D:8)
  A howler monkey skeleton (D:7)
  5 acid dragon simulacra (IceCv)
  6 adders
  18 gnolls
  A shadow imp (D:6)
  2 white imps
  10 steam dragon simulacra (IceCv)
  An ufetubus (D:5)
  3 worms
  2 dart slugs
  28 orcs
  7 bats
  7 endoplasms
  A giant cockroach (D:1)
  5 hobgoblins
  4 jackals
  8 kobolds
  2 quokkas
  4 ball pythons
  5 frilled lizards
  7 goblins
  5 rats
365 creatures vanquished.

Vanquished Creatures (others)
  25 fulminant prisms
  22 fungi
  55 plants
  2 withered plants (Lair:2)
104 creatures vanquished.

Grand Total: 469 creatures vanquished

Notes
Turn   | Place    | Note
-------+----------+-------------------------------------------
     0 | D:1      | H0rd4k the Deep Elf Hedge Wizard began the quest for the
                  | Orb.
     0 | D:1      | Reached XP level 1. HP: 10/10 MP: 7/7
    39 | D:1      | Found a faded altar of an unknown god.
   590 | D:1      | Reached XP level 2. HP: 15/15 MP: 4/9
   591 | D:1      | Reached skill level 5 in Spellcasting
  1530 | D:2      | Reached XP level 3. HP: 19/19 MP: 4/12
  2364 | D:2      | Learned a level 2 spell: Blink
  2368 | D:2      | Learned a level 3 spell: Conjure Flame
  2372 | D:2      | Learned a level 3 spell: Mephitic Cloud
  2375 | D:2      | Learned a level 2 spell: Poisonous Vapours
  2479 | D:3      | Reached skill level 6 in Spellcasting
  2479 | D:3      | Reached XP level 4. HP: 24/24 MP: 11/14
  2501 | D:3      | Reached skill level 1 in Fire Magic
  2575 | D:3      | Found a transporter.
  2576 | D:3      | Noticed an ogre
  2577 | D:3      | Noticed Jerry's ghost (amateur TrHu)
  2577 | D:3      | Noticed an ogre
  2579 | D:3      | Found a transporter.
  2579 | D:3      | Noticed an ogre
  3308 | D:3      | Reached skill level 1 in Poison Magic
  3385 | D:3      | Reached XP level 5. HP: 28/28 MP: 11/15
  3864 | D:4      | Noticed Edmund
  3927 | D:4      | Killed Edmund
  3928 | D:4      | Reached skill level 1 in Air Magic
  3928 | D:4      | Reached XP level 6. HP: 5/32 MP: 0/17
  4320 | D:4      | Reached skill level 7 in Spellcasting
  4545 | D:4      | Noticed a water moccasin
  4555 | D:4      | Killed a water moccasin
  4983 | D:5      | Entered Level 5 of the Dungeon
  4994 | D:4      | Learned a level 4 spell: Fulminant Prism
  5105 | D:5      | Found a staircase to the Ecumenical Temple.
  5112 | Temple   | Entered the Ecumenical Temple
  5247 | Temple   | Became a worshipper of Gozag Ym Sagoz the Greedy
  5342 | D:5      | Reached skill level 1 in Hexes
  5342 | D:5      | Reached XP level 7. HP: 37/37 MP: 10/20
  5879 | D:5      | Reached skill level 8 in Spellcasting
  6060 | D:5      | Reached skill level 5 in Conjurations
  6276 | D:5      | Noticed Duvessa
  6284 | D:5      | Noticed Dowan
  6286 | D:5      | Killed Duvessa
  6291 | D:5      | Killed Dowan
  6445 | D:5      | Reached XP level 8. HP: 42/42 MP: 13/22
  6935 | D:5      | Reached skill level 9 in Spellcasting
  7401 | D:5      | Learned a level 3 spell: Gell's Gravitas
  8288 | D:6      | Reached skill level 10 in Spellcasting
  8795 | D:6      | Noticed Menkaure
  8812 | D:6      | Killed Menkaure
  8813 | D:6      | Reached XP level 9. HP: 11/46 MP: 14/25
  8972 | D:6      | Noticed Prince Ribbit
  8985 | D:6      | Killed Prince Ribbit
  9124 | D:6      | Reached skill level 11 in Spellcasting
  9750 | D:6      | Upgraded the game from 0.28.0-43-g3370ac3207 to
                  | 0.28.0-45-g0d030f2227
  9762 | D:7      | Noticed a two-headed ogre
  9985 | D:7      | Killed a two-headed ogre
  9986 | D:7      | Reached skill level 12 in Spellcasting
  9986 | D:7      | Reached skill level 1 in Evocations
 10219 | D:7      | Found a basalt altar of Yredelemnul.
 11117 | D:8      | Reached XP level 10. HP: 47/51 MP: 15/28
 11783 | D:8      | Reached skill level 13 in Spellcasting
 11829 | D:8      | Reached skill level 1 in Fighting
 12840 | D:8      | Learned a level 5 spell: Lightning Bolt
 12860 | D:9      | Noticed Harold
 12868 | D:9      | Killed Harold
 13413 | D:9      | Reached skill level 14 in Spellcasting
 14069 | D:10     | Entered Level 10 of the Dungeon
 14092 | D:10     | Reached skill level 10 in Conjurations
 14194 | D:10     | Noticed a two-headed ogre
 14204 | D:10     | Killed a two-headed ogre
 14208 | D:10     | Reached XP level 11. HP: 21/57 MP: 6/31
 14360 | D:10     | Found a staircase to the Orcish Mines.
 15119 | D:10     | Found a staircase to the Lair.
 15397 | D:10     | Found a hazy altar of Hepliaklqana.
 15599 | D:11     | Noticed Nergalle
 15613 | D:11     | Noticed a purple ugly thing
 15616 | D:11     | Killed a purple ugly thing
 15769 | D:11     | Killed Nergalle
 15770 | D:11     | Reached skill level 15 in Spellcasting
 15783 | D:11     | Reached skill level 5 in Air Magic
 15844 | D:11     | Noticed Psyche
 15847 | D:11     | Killed Psyche
 16516 | D:11     | Found Zyuqirpha's Profane Products.
 16771 | D:11     | Noticed a two-headed ogre
 16778 | D:11     | Killed a two-headed ogre
 17083 | D:12     | Noticed a deep elf pyromancer
 17085 | D:12     | Killed a deep elf pyromancer
 17086 | D:12     | Reached skill level 16 in Spellcasting
 17092 | D:12     | Noticed a two-headed ogre
 17093 | D:12     | Killed a two-headed ogre
 17099 | D:12     | Noticed a six-headed hydra
 17177 | D:12     | Noticed Nessos
 17177 | D:12     | Noticed Sonja
 17320 | D:12     | Killed a six-headed hydra
 17634 | D:11     | Identified the +3 dagger "Memeplua" {holy, Fragile rF++
                  | MP+9}
 17724 | Lair:1   | Entered Level 1 of the Lair of Beasts
 17724 | Lair:1   | Noticed a five-headed hydra
 17725 | Lair:1   | Killed a five-headed hydra
 17726 | Lair:1   | Reached XP level 12. HP: 62/62 MP: 28/34
 17732 | Lair:1   | Found a frozen archway.
 17742 | IceCv    | Entered an ice cave
 18827 | IceCv    | Noticed an ice dragon
 18860 | IceCv    | Killed an ice dragon
 18861 | IceCv    | Reached skill level 5 in Dodging
 19303 | Lair:1   | Noticed a seven-headed hydra
 19310 | Lair:1   | Killed a seven-headed hydra
 19311 | Lair:1   | Reached skill level 17 in Spellcasting
 20574 | Lair:2   | Noticed Erica
 20587 | Lair:2   | Killed Erica
 21892 | Lair:2   | Reached XP level 13. HP: 67/67 MP: 11/36
 22426 | Lair:2   | Found a runed translucent door.
 22426 | Lair:2   | Noticed Kotami's ghost (journeyman OpFi)
 22561 | Lair:2   | Found a staircase to the Snake Pit.
 22704 | Lair:2   | Reached skill level 18 in Spellcasting
 23647 | Lair:3   | Found a staircase to the Swamp.
 23802 | Lair:3   | Reached skill level 10 in Air Magic
 25102 | Lair:3   | Identified a scroll of acquirement
 25102 | Lair:3   | Acquired 689 gold pieces
 25192 | Lair:4   | Identified the +0 robe of Hadjma {Contam Harm rF+}
 25630 | Lair:4   | You fall into a shaft and drop 2 floors!
 25630 | Lair:6   | Entered Level 6 of the Lair of Beasts
 25783 | Lair:4   | Slain by a death yak

Illustrated notes

Levels and vault maps discovered:
D:1:      nzn_arrival_depleted_hourglass, layout_loops_corners,
          basic_ecumenical_altar
D:2:      layout_loops_cross, minmay_misc_feat_alley
D:3:      layout_loops_cross, gammafunk_ghost_smash
D:4:      layout_loops_ring, nicolae_underground_beach, uniq_edmund
D:5:      layout_basic, minmay_temple_entry_arrows,
          chequers_serial_rivers_micro_a, serial_park_tiny_2, uniq_duvessa
D:6:      layout_loops_ring, lightli_minifort, uniq_menkaure,
          uniq_prince_ribbit1
D:7:      layout_rooms, minmay_ruined_shrine
D:8:      layout_gridville, minmay_chambers_of_fives
D:9:      layout_rooms, uniq_harold
D:10:     layout_loops_ring, nzn_hepliaklqana_mist_gate, erik_lair_island,
          minmay_misc_feat_tower
D:11:     layout_rooms, nicolae_evil_shop, uniq_nergalle, uniq_psyche
D:12:     layout_rooms, st_stairs_12, mikee_hates_you, uniq_nessos, uniq_sonja
Temple:   kilobyte_greek_temple
Lair:1:   layout_chaotic_city, portal_ice_cave_entry_ice_simulacra,
          grunt_forest_stairs_basic
Lair:2:   dpeg_oklob_gauntlet, layout_layer_cave, dummy_snake_entry,
          gammafunk_ghost_grave, cheibrodos_lair_lostbears, grunt_megastairs_1,
          uniq_erica
Lair:3:   layout_hall_layers, swamp_mist
Lair:4:   layout_misc_corridors, nzn_ghost_randoct, minmay_lair_drake_nest,
          grunt_megastairs_4, lemuel_fruit_fields
Lair:5:   layout_long_grid, nicolae_slime_entry_slimehenge,
          beast_lair_carwin_10, serial_bayou_shore_a,
          infiniplex_staircase_pool_2
Lair:6:   minmay_lair_end_enchanted_forest, layout_layer_cave,
          chequers_serial_rivers_large_a

Skill      XL: |  1  2  3  4  5  6  7  8  9 10 11 12 13 |
---------------+----------------------------------------+-----
Spellcasting   | 5 6 7 8 10 12 14 16 17 18 | 18.9
Dodging        | 3 4 5 |  5.2
Conjurations   | 2 3 4 5 7 8 10 11 13 14 | 14.0
Fire Magic     | 1 2 3 4 |  4.4
Poison Magic   | 1 2 3 |  3.2
Air Magic      | 1 2 3 4 6 9 10 | 10.4
Hexes          | 1 2 3 4 |  4.0
Translocations | 2 3 4 |  4.7
Evocations     | 1 |  1.8
Fighting       | 1 2 |  2.3
Stealth        | |  2.4
Summonings     | |  1.1

Action                   |  1- 3 |  4- 6 |  7- 9 | 10-12 | 13-15 || total
-------------------------+-------+-------+-------+-------+-------++-------
Melee: Dagger            |     2 |       |       |       |       ||     2
       Staff             |       |       |       |       |     3 ||     3
       Punch             |       |       |       |       |     1 ||     1
 Cast: Magic Dart        |   112 |   142 |   331 |   250 |     2 ||   837
       Conjure Flame     |       |     7 |    37 |    57 |     5 ||   106
       Mephitic Cloud    |       |     2 |    20 |    12 |       ||    34
       Blink             |       |       |    17 |    14 |     8 ||    39
       Fulminant Prism   |       |       |     6 |     8 |    11 ||    25
       Gell's Gravitas   |       |       |     5 |       |       ||     5
       Lightning Bolt    |       |       |       |   202 |    92 ||   294
Invok: Call Merchant     |       |       |       |     2 |       ||     2
Evoke: Wand              |     2 |     4 |     2 |     8 |     1 ||    17
  Use: Scroll            |       |       |     8 |     5 |     7 ||    20
       Potion            |       |       |     1 |     2 |       ||     3
Armor: Robe              |     6 |    11 |    21 |    22 |       ||    60
       Leather armour    |       |       |       |    13 |    17 ||    30
Dodge: Dodged            |    18 |    24 |    50 |   108 |    36 ||   236
